[ AOE2 MATCH · #467897372 ]
UnrankedArmenians vs Italians
[ REPLAY ANALYSIS · EXTRACTED FROM THE RECORDED GAME ]
Feudal
12:02
Castle
—
Imperial
—
| APM avg | 28.3 |
| APM peak | 57 |
| eAPM avg | 16.1 |
| Villagers / military | 40 / 27 |
Focus
⚔️ 24.4% · 🌾 75.6%
Militia ×17 · Spearman ×10
Feudal
15:00
Castle
18:55
Imperial
—
| APM avg | 36.4 |
| APM peak | 81 |
| eAPM avg | 19.5 |
| Villagers / military | 33 / 0 |
Focus
⚔️ 18.9% · 🌾 81.1%
Fishing Ship ×12
Feudal
10:56
Castle
20:21
Imperial
—
| APM avg | 23.0 |
| APM peak | 43 |
| eAPM avg | 11.5 |
| Villagers / military | 43 / 19 |
Focus
⚔️ 23.8% · 🌾 76.2%
Militia ×16 · Knight ×3
Feudal
14:57
Castle
—
Imperial
—
| APM avg | 21.4 |
| APM peak | 49 |
| eAPM avg | 15.4 |
| Villagers / military | 41 / 13 |
Focus
⚔️ 17.6% · 🌾 82.4%
Battering Ram ×12 · Fishing Ship ×4 · Demolition Raft ×1
Match map
Initial resources + every placement click. Lines = walls · curves = elevation contours. ◆ gold · ⬟ stone · ● berries · ✦ relic · ◌ wall gap
Your base· ✓ Closed at 12:00 · 8t walls · fragile
All Conquistadors Are BSTRD's base· ✓ Closed at 18:55 · 16t walls · 1 gate(s)
Skrepee's base· ✓ Closed at 20:21 · 17t walls · 2 gate(s)
Gobi's base· ✓ Closed at 12:00 · 23t walls · fragile
Smoothed initial terrain · ◌ = detected wall gap · hover for details
Inputs per minute
— Gandhi's Revenge - - All Conquistadors Are BSTRD
Build order — Gandhi's Revenge
125 actions detected in the replay
| 0:02 | Create | Villager (Male) ×4 |
| 0:03 | Build | House |
| 0:05 | Build | House |
| 0:15 | Research | Loom |
| 0:16 | Research | Loom |
| 0:19 | Research | Loom |
| 0:51 | Build | Palisade Wall |
| 0:58 | Create | Villager (Male) |
| 0:58 | Create | Villager (Male) |
| 0:59 | Create | Villager (Male) |
| 1:53 | Build | Palisade Wall |
| 2:04 | Build | Mule Cart |
| 2:24 | Create | Villager (Male) |
| 2:24 | Create | Villager (Male) |
| 3:05 | Create | Villager (Male) |
| 3:32 | Create | Villager (Male) |
| 4:00 | Create | Villager (Male) |
| 4:00 | Create | Villager (Male) |
| 4:04 | Build | House |
| 4:06 | Build | House |
| 4:51 | Create | Villager (Male) |
| 5:03 | Create | Villager (Male) |
| 5:04 | Create | Villager (Male) |
| 5:31 | Create | Villager (Male) |
| 5:31 | Create | Villager (Male) |
| 6:10 | Create | Villager (Male) |
| 6:28 | Create | Villager (Male) |
| 6:33 | Build | Mule Cart |
| 6:37 | Create | Villager (Male) |
| 7:07 | Create | Villager (Male) |
| 7:07 | Create | Villager (Male) |
| 7:58 | Build | Mill |
| 8:27 | Build | House |
| 8:42 | Create | Villager (Male) |
| 9:11 | Create | Villager (Male) |
| 9:52 | Research | Feudal Age |
| 10:00 | Build | Barracks |
| 10:17 | Build | Mule Cart |
| 10:46 | Create | Militia |
| 11:26 | Create | Villager (Male) |
| 11:32 | Build | Mule Cart |
| 11:32 | Create | Militia |
| 11:37 | Build | House |
| 12:02 | Age | Feudal Age |
| 12:03 | Create | Militia |
| 12:03 | Create | Militia |
| 12:09 | Build | Barracks |
| 12:21 | Create | Villager (Male) |
| 12:39 | Build | Stone Wall |
| 12:50 | Build | House |
| 12:51 | Build | House |
| 12:51 | Build | House |
| 13:14 | Create | Villager (Male) |
| 13:17 | Create | Villager (Male) |
| 13:20 | Create | Militia |
| 13:20 | Create | Militia |
| 13:37 | Build | Stone Wall |
| 13:48 | Create | Militia |
| 13:48 | Create | Militia |
| 13:48 | Create | Militia |
| 13:58 | Create | Villager (Male) |
| 14:02 | Research | Double-Bit Axe |
| 14:19 | Build | Farm |
| 14:28 | Create | Spearman |
| 14:28 | Create | Spearman |
| 14:29 | Create | Spearman |
| 14:29 | Create | Spearman |
| 14:33 | Create | Villager (Male) |
| 14:34 | Build | Farm |
| 14:43 | Build | Stone Wall |
| 15:04 | Build | Farm |
| 15:05 | Build | Farm |
| 15:06 | Build | Farm |
| 15:16 | Create | Villager (Male) |
| 15:18 | Research | Man-at-Arms (upgrade) |
| 15:37 | Build | Stone Wall |
| 15:51 | Create | Villager (Male) |
| 15:52 | Build | Farm |
| 15:59 | Build | Mule Cart |
| 16:13 | Create | Spearman |
| 16:14 | Create | Spearman |
| 16:28 | Build | Farm |
| 16:32 | Build | House |
| 16:37 | Create | Villager (Male) |
| 17:04 | Create | Spearman |
| 17:04 | Create | Spearman |
| 17:06 | Build | Farm |
| 17:09 | Create | Villager (Male) |
| 17:13 | Build | House |
| 17:13 | Build | House |
| 17:14 | Build | House |
| 17:15 | Build | House |
| 17:42 | Build | Farm |
| 17:43 | Create | Villager (Male) |
| 17:46 | Research | Long Swordsman (upgrade) |
| 18:01 | Create | Militia |
| 18:20 | Build | Farm |
| 18:24 | Build | Blacksmith |
| 18:33 | Create | Villager (Male) |
| 18:45 | Build | Market |
| 18:51 | Research | Pikeman (upgrade) |
| 19:05 | Create | Militia |
| 19:05 | Create | Spearman |
| 19:26 | Build | Farm |
| 19:27 | Create | Villager (Male) |
| 19:32 | Build | Farm |
| 19:33 | Build | Farm |
| 19:33 | Build | Farm |
| 19:34 | Build | Farm |
| 19:35 | Build | Farm |
| 19:52 | Create | Militia |
| 19:53 | Create | Militia |
| 20:02 | Build | Gate |
| 20:08 | Build | Stone Wall |
| 20:16 | Create | Militia |
| 20:17 | Create | Militia |
| 20:32 | Create | Militia |
| 20:39 | Build | Farm |
| 20:40 | Create | Villager (Male) |
| 20:44 | Build | Farm |
| 20:51 | Research | Scale Mail Armor |
| 20:59 | Create | Militia |
| 20:59 | Create | Spearman |
| 21:21 | Build | Farm |
| 21:22 | Create | Villager (Male) |
Build order — All Conquistadors Are BSTRD
80 actions detected in the replay
| 0:01 | Create | Villager (Male) |
| 0:01 | Create | Villager (Male) |
| 0:02 | Create | Villager (Male) |
| 0:02 | Create | Villager (Male) |
| 0:04 | Build | House |
| 0:05 | Build | House |
| 0:33 | Research | Loom |
| 0:34 | Create | Villager (Male) |
| 0:34 | Create | Villager (Male) |
| 1:55 | Create | Villager (Male) |
| 2:47 | Create | Villager (Male) |
| 3:07 | Build | House |
| 3:13 | Create | Villager (Male) |
| 3:32 | Build | House |
| 3:45 | Create | Villager (Male) |
| 3:45 | Create | Villager (Male) |
| 3:51 | Build | Lumber Camp |
| 4:34 | Create | Villager (Male) |
| 4:44 | Create | Villager (Male) |
| 4:55 | Build | Palisade Wall |
| 4:57 | Build | Palisade Wall |
| 5:37 | Create | Villager (Male) |
| 5:59 | Create | Villager (Male) |
| 6:00 | Create | Villager (Male) |
| 6:31 | Create | Villager (Male) |
| 6:31 | Create | Villager (Male) |
| 6:57 | Build | Dock |
| 7:04 | Create | Villager (Male) |
| 7:40 | Create | Villager (Male) |
| 8:13 | Create | Fishing Ship |
| 8:30 | Create | Villager (Male) |
| 9:07 | Create | Villager (Male) |
| 9:07 | Create | Villager (Male) |
| 9:57 | Create | Fishing Ship |
| 9:57 | Create | Fishing Ship |
| 10:22 | Build | Dock |
| 10:24 | Create | Villager (Male) |
| 10:25 | Create | Fishing Ship |
| 10:27 | Create | Villager (Male) |
| 10:41 | Create | Fishing Ship |
| 11:16 | Build | Outpost |
| 11:21 | Build | House |
| 11:25 | Create | Fishing Ship |
| 11:25 | Create | Fishing Ship |
| 11:26 | Create | Villager (Male) |
| 11:45 | Build | Outpost |
| 11:54 | Create | Villager (Male) |
| 11:55 | Create | Fishing Ship |
| 11:55 | Create | Fishing Ship |
| 12:08 | Create | Fishing Ship ×2 |
| 12:21 | Build | House |
| 12:46 | Create | Villager (Male) |
| 12:49 | Research | Feudal Age |
| 13:04 | Build | Mining Camp |
| 13:38 | Create | Villager (Male) |
| 13:52 | Build | Mill |
| 14:25 | Build | House |
| 14:53 | Create | Villager (Male) |
| 14:54 | Create | Villager (Male) |
| 15:00 | Age | Feudal Age |
| 15:05 | Build | Blacksmith |
| 15:10 | Build | Market |
| 15:22 | Research | Tech 906 |
| 15:30 | Create | Fishing Ship |
| 15:44 | Research | Double-Bit Axe |
| 15:51 | Build | Fish Trap |
| 16:08 | Research | Castle Age |
| 16:28 | Build | Fish Trap |
| 16:44 | Build | Fish Trap |
| 17:01 | Build | Fish Trap |
| 17:20 | Build | Fish Trap |
| 17:28 | Build | Fish Trap |
| 17:41 | Build | Palisade Wall |
| 18:15 | Build | Mining Camp |
| 18:25 | Build | Gate |
| 18:30 | Build | House |
| 18:55 | Age | Castle Age |
| 19:52 | Create | Villager (Male) |
| 19:52 | Create | Villager (Male) |
| 21:07 | Build | Fish Trap |
Build order — Skrepee
116 actions detected in the replay
| 0:01 | Create | Villager (Male) |
| 0:01 | Create | Villager (Male) |
| 0:01 | Create | Villager (Male) |
| 0:02 | Build | House |
| 0:04 | Build | House |
| 0:23 | Create | Villager (Male) |
| 0:23 | Create | Villager (Male) |
| 1:31 | Create | Villager (Male) |
| 1:31 | Create | Villager (Male) |
| 1:33 | Research | Loom |
| 2:01 | Create | Villager (Male) |
| 2:11 | Build | Palisade Wall |
| 2:26 | Build | Lumber Camp |
| 2:29 | Create | Villager (Male) |
| 2:29 | Create | Villager (Male) |
| 2:29 | Create | Villager (Male) |
| 3:21 | Create | Villager (Male) |
| 3:22 | Create | Villager (Male) |
| 3:22 | Create | Villager (Male) |
| 4:07 | Build | House |
| 4:12 | Create | Villager (Male) |
| 4:12 | Create | Villager (Male) |
| 4:12 | Create | Villager (Male) |
| 4:55 | Build | Palisade Wall |
| 4:58 | Build | Palisade Gate |
| 5:04 | Create | Villager (Male) |
| 5:04 | Create | Villager (Male) |
| 5:05 | Create | Villager (Male) |
| 5:05 | Create | Villager (Male) |
| 5:11 | Build | House |
| 6:02 | Create | Villager (Male) |
| 6:03 | Create | Villager (Male) |
| 6:42 | Create | Villager (Male) |
| 6:42 | Create | Villager (Male) |
| 6:42 | Create | Villager (Male) |
| 7:33 | Build | Barracks |
| 8:06 | Build | House |
| 8:08 | Build | House |
| 8:19 | Create | Villager (Male) |
| 8:19 | Create | Villager (Male) |
| 8:46 | Research | Feudal Age |
| 8:49 | Build | Mining Camp |
| 9:18 | Build | Mill |
| 9:39 | Create | Militia |
| 9:40 | Create | Militia |
| 9:40 | Create | Militia |
| 10:05 | Build | Palisade Gate |
| 10:11 | Create | Militia |
| 10:44 | Create | Villager (Male) |
| 10:45 | Create | Villager (Male) |
| 10:45 | Create | Villager (Male) |
| 10:52 | Create | Militia |
| 10:53 | Create | Militia |
| 10:56 | Age | Feudal Age |
| 11:03 | Research | Double-Bit Axe |
| 11:23 | Build | Stable |
| 11:36 | Research | Man-at-Arms (upgrade) |
| 11:45 | Create | Villager (Male) |
| 11:50 | Build | Farm |
| 12:27 | Build | Blacksmith |
| 12:38 | Create | Militia |
| 12:42 | Research | Arson |
| 12:59 | Create | Militia |
| 13:00 | Create | Militia |
| 13:13 | Build | House |
| 13:16 | Create | Villager (Male) |
| 13:38 | Build | Farm |
| 13:42 | Build | Farm |
| 13:44 | Build | Farm |
| 13:48 | Build | Farm |
| 14:03 | Build | House |
| 14:09 | Create | Villager (Male) |
| 14:10 | Create | Villager (Male) |
| 14:14 | Build | Farm |
| 14:14 | Build | Farm |
| 14:32 | Create | Villager (Male) |
| 14:32 | Create | Villager (Male) |
| 15:11 | Build | Farm |
| 15:20 | Create | Villager (Male) |
| 15:40 | Create | Villager (Male) |
| 15:43 | Research | Horse Collar |
| 15:54 | Build | Farm |
| 15:55 | Build | Farm |
| 16:16 | Create | Villager (Male) |
| 16:21 | Create | Villager (Male) |
| 16:26 | Build | Farm |
| 16:51 | Build | Farm |
| 16:56 | Build | Farm |
| 16:59 | Build | Farm |
| 17:09 | Build | Farm |
| 17:41 | Build | Farm |
| 17:41 | Research | Castle Age |
| 18:31 | Create | Militia |
| 18:32 | Create | Militia |
| 18:32 | Create | Militia |
| 18:35 | Research | Scale Mail Armor |
| 19:07 | Create | Villager (Male) |
| 19:08 | Create | Villager (Male) |
| 19:19 | Build | Market |
| 19:41 | Build | House |
| 19:42 | Build | House |
| 19:47 | Build | House |
| 19:48 | Build | House |
| 19:49 | Build | House |
| 19:49 | Build | House |
| 19:49 | Build | House |
| 19:50 | Build | House |
| 19:54 | Create | Militia |
| 19:54 | Create | Militia |
| 20:17 | Research | Forging |
| 20:19 | Create | Militia |
| 20:21 | Age | Castle Age |
| 20:52 | Create | Knight |
| 20:52 | Create | Knight |
| 20:52 | Create | Knight |
| 21:01 | Create | Militia |
Build order — Gobi
94 actions detected in the replay
| 0:01 | Create | Villager (Male) |
| 0:01 | Create | Villager (Male) |
| 0:04 | Research | Loom |
| 0:06 | Build | House |
| 0:08 | Build | House |
| 0:18 | Create | Villager (Male) |
| 0:19 | Create | Villager (Male) |
| 0:19 | Create | Villager (Male) |
| 0:31 | Build | House |
| 0:39 | Build | Palisade Wall |
| 1:16 | Build | Palisade Gate |
| 1:40 | Build | Palisade Wall |
| 2:21 | Create | Villager (Male) |
| 2:53 | Build | Palisade Wall |
| 3:09 | Create | Villager (Male) |
| 3:39 | Build | House |
| 3:52 | Create | Villager (Male) |
| 4:39 | Create | Villager (Male) |
| 5:03 | Build | House |
| 5:04 | Build | House |
| 5:05 | Build | House |
| 5:05 | Build | House |
| 5:26 | Create | Villager (Male) |
| 5:26 | Create | Villager (Male) |
| 6:12 | Create | Villager (Male) |
| 6:13 | Create | Villager (Male) |
| 7:02 | Create | Villager (Male) |
| 7:03 | Create | Villager (Male) |
| 7:40 | Build | Lumber Camp |
| 7:55 | Create | Villager (Male) |
| 7:55 | Create | Villager (Male) |
| 8:12 | Create | Villager (Male) |
| 8:43 | Create | Villager (Male) |
| 9:30 | Create | Villager (Male) |
| 9:41 | Build | House |
| 9:42 | Build | House |
| 9:43 | Build | House |
| 9:48 | Create | Villager (Male) |
| 10:01 | Build | Mill |
| 10:31 | Build | Dock |
| 10:35 | Create | Villager (Male) |
| 10:36 | Create | Villager (Male) |
| 11:08 | Create | Villager (Male) |
| 11:21 | Create | Fishing Ship |
| 11:30 | Build | Mining Camp |
| 12:02 | Build | Lumber Camp |
| 12:22 | Create | Villager (Male) |
| 12:42 | Research | Feudal Age |
| 13:37 | Create | Fishing Ship |
| 13:37 | Create | Fishing Ship |
| 14:21 | Create | Villager (Male) |
| 14:21 | Create | Villager (Male) |
| 14:57 | Age | Feudal Age |
| 14:58 | Build | Blacksmith |
| 15:01 | Create | Demolition Raft |
| 15:09 | Build | Fish Trap |
| 15:10 | Build | Fish Trap |
| 15:11 | Build | Fish Trap |
| 15:13 | Build | Fish Trap |
| 15:18 | Create | Fishing Ship |
| 15:41 | Build | Siege Workshop |
| 15:47 | Research | Double-Bit Axe |
| 15:53 | Create | Villager (Male) |
| 15:54 | Create | Villager (Male) |
| 15:54 | Create | Villager (Male) |
| 16:14 | Build | Fish Trap |
| 16:14 | Build | Fish Trap |
| 16:16 | Create | Battering Ram |
| 16:22 | Build | House |
| 16:22 | Build | House |
| 16:22 | Build | House |
| 16:45 | Create | Battering Ram |
| 16:57 | Build | Fish Trap |
| 17:04 | Create | Villager (Male) |
| 17:04 | Create | Villager (Male) |
| 17:17 | Create | Villager (Male) |
| 17:18 | Create | Villager (Male) |
| 17:19 | Create | Battering Ram |
| 17:53 | Create | Battering Ram |
| 17:56 | Create | Villager (Male) |
| 17:56 | Create | Villager (Male) |
| 19:00 | Create | Battering Ram ×3 |
| 19:23 | Build | Siege Workshop |
| 19:36 | Create | Villager (Male) ×5 |
| 20:47 | Create | Battering Ram |
| 20:48 | Create | Battering Ram |
| 20:48 | Create | Battering Ram |
| 20:49 | Create | Battering Ram |
| 21:09 | Create | Battering Ram |
| 21:16 | Build | House |
| 21:16 | Build | House |
| 21:16 | Build | House |
| 21:17 | Build | House |
| 21:17 | Build | House |
Match timeline
| 0:39 | Gobi · wall_segment Palisade Wall x8 |
| 0:51 | Gandhi's Revenge · wall_segment Palisade Wall x8 |
| 1:40 | Gobi · wall_segment Palisade Wall x11 |
| 1:53 | Gandhi's Revenge · wall_segment Palisade Wall x1 |
| 2:11 | Skrepee · wall_segment Palisade Wall x10 |
| 2:53 | Gobi · wall_segment Palisade Wall x4 |
| 4:55 | All Conquistadors Are BSTRD · wall_segment Palisade Wall x4 |
| 4:55 | Skrepee · wall_segment Palisade Wall x7 |
| 4:57 | All Conquistadors Are BSTRD · wall_segment Palisade Wall x4 |
| 6:57 | All Conquistadors Are BSTRD · first_building Dock |
| 7:33 | Skrepee · first_building Barracks |
| 10:00 | Gandhi's Revenge · first_building Barracks |
| 10:31 | Gobi · first_building Dock |
| 10:56 | Skrepee · age_up feudal |
| 11:23 | Skrepee · first_building Stable |
| 12:02 | Gandhi's Revenge · age_up feudal |
| 12:39 | Gandhi's Revenge · wall_segment Stone Wall x9 |
| 13:37 | Gandhi's Revenge · wall_segment Stone Wall x12 |
| 14:43 | Gandhi's Revenge · wall_segment Stone Wall x12 |
| 14:57 | Gobi · age_up feudal |
| 15:00 | All Conquistadors Are BSTRD · age_up feudal |
| 15:37 | Gandhi's Revenge · wall_segment Stone Wall x2 |
| 15:41 | Gobi · first_building Siege Workshop |
| 17:41 | All Conquistadors Are BSTRD · wall_segment Palisade Wall x8 |
| 18:55 | All Conquistadors Are BSTRD · age_up castle |
| 20:08 | Gandhi's Revenge · wall_segment Stone Wall x3 |
| 20:21 | Skrepee · age_up castle |
| 20:46 | Skrepee · tribute_sent a jugador 1 |
| 20:46 | Skrepee · tribute_sent a jugador 2 |
| 20:46 | Skrepee · tribute_sent a jugador 4 |
| 20:48 | Gandhi's Revenge · first_market_sell 100 wood |
| 20:49 | Gandhi's Revenge · first_market_buy 100 food |
| 21:23 | All Conquistadors Are BSTRD · resign |
[ AI ANALYSIS · 1 CREDIT ]
What really happened in this match?
Wolo.gg analyzes every decision: build order, eco, micro, common mistakes by bracket. Personalized analysis on WhatsApp or Discord in 30 seconds.
Civ guide
Armenians
Perfil
Jugador #4954309